 Dungeon Crawl Stone Soup version 0.19-a0-450-g98b348d (webtiles) character file.

130 eoe the Sneak (level 4, 0/37 HPs)
             Began as a Vampire Assassin on June 1, 2016.
             Slain by an orc
             ... wielding a +0 mace
              (6 damage)
             ... on level 3 of the Dungeon.
             The game lasted 00:24:02 (2937 turns).

eoe the Sneak (Vampire Assassin)                    Turns: 2937, Time: 00:24:03

Health: 0/37       AC:  3    Str: 11    XL:     4   Next: 90%
Magic:  4/4        EV: 12    Int: 13    God:
Gold:   82         SH:  0    Dex: 15    Spells: 0 memorised, 3 levels left

rFire  . . .     SeeInvis +     a - +2 dagger
rCold  + . .     Gourm    .     c - +0 robe
rNeg   + + .     Faith    .     (no shield)
rPois  +         Spirit   .     (no helmet)
rElec  .         Dismiss  .     d - +0 cloak
rCorr  .         Reflect  .     (no gloves)
SustAt .         Harm     .     (no boots)
MR     .....                    (no amulet)
Stlth  ++++......               (no ring)
                                (no ring)

@: lethally poisoned (0 -> -8), regenerating slowly, not resistant to hostile
enchantments, stealthy
A: fangs 3, see invisible, unbreathing
a: Bat Form


You were on level 3 of the Dungeon.
You were thirsty.

You visited 1 branch of the dungeon, and saw 3 of its levels.

You collected 82 gold pieces.

Inventory:

Hand Weapons
 a - a +2 dagger (weapon)
 b - a +0 blowgun
Missiles
 e - 3 poisoned needles
 f - 2 curare-tipped needles
 t - 4 poisoned javelins (quivered)
Armour
 c - a +0 robe (worn)
 d - a +0 cloak (worn)
Jewellery
 i - an uncursed amulet of dismissal {unknown}
 j - a cursed amulet of inaccuracy {unknown}
Scrolls
 k - a scroll of random uselessness {unknown}
 l - 2 scrolls of identify {unknown}
 m - 2 scrolls of fear {unknown}
 n - a scroll of teleportation {unknown}
 p - a scroll of remove curse {unknown}
 q - a scroll of enchant weapon {unknown}
 r - a scroll of immolation {unknown}
Potions
 g - a potion of flight {unknown}
 h - a potion of ambrosia {unknown}
 o - 2 potions of heal wounds {unknown}
 s - a potion of blood


   Skills:
 * Level 4.0 Fighting
 - Level 2.1 Short Blades
 - Level 2.2 Throwing
 - Level 1.1 Dodging
 + Level 6.4 Stealth


You had 3 spell levels left.
You didn't know any spells.

Dungeon Overview and Level Annotations

Branches:
Dungeon (3/15)

Altars:
Nemelex Xobeh

Annotations:
D:3 Noname's ghost, amateur MfSk


Innate Abilities, Weirdness & Mutations

You heal slowly.
You have razor-sharp teeth.
You have supernaturally acute eyesight. (SInv)
You can survive without breathing.


Message History

You feel sick.
You hear a shout! x2
The orc priest closely misses you. The adder closely misses you.
The orc barely misses you.
You closely miss the orc priest.
The orc priest is moderately wounded.
The adder barely misses you. The orc priest hits you with a club.
The orc misses you.
Unknown command.
You hit the orc priest. Your bite misses the orc priest.
The orc priest is moderately wounded.
You feel sick. The adder bites you.
* * * LOW HITPOINT WARNING * * *
The orc priest miscasts a cantrip.
An orc wizard comes into view. It is wielding a dagger.
Unknown command.
You hit the orc priest but do no damage.
The orc priest is moderately wounded.
The adder closely misses you. The orc hits you with a mace.
You die...

#....# #....# #....#
######
#....#########....#####
............(........>#
#....)####.##...#.###.#
###.)..#.......##.# #
###.#.##.#.##..##.###.###
#...#.##.#.##.oS@o......#
#.###.## #.##(o##o....#.#
#.# #.# #.##.......#.#
..# #.# #.##...###.# #
..# #.# ...S..o. ... ..#
#.####.##.)##. ....
#.###........(.# .#.###.#
.......###.#.o.# # #
#...##.# #o#..


You could see an orc priest, an orc wizard, an adder and 2 orcs.

Vanquished Creatures
  Terence (D:3)
  2 adders (D:3)
  3 oozes
  2 worms (D:2)
  A dart slug (D:1)
  5 giant geckos
  2 orcs (D:3)
  5 giant cockroaches (D:2)
  6 goblins
  6 hobgoblins
  5 jackals
  2 ball pythons
  2 bats
  2 giant newts
  5 kobolds
  9 rats
58 creatures vanquished.

Notes
Turn   | Place    | Note
--------------------------------------------------------------
     0 | D:1      | eoe the Vampire Assassin began the quest for the Orb.
     0 | D:1      | Reached XP level 1. HP: 16/16 MP: 1/1
   305 | D:1      | Reached XP level 2. HP: 20/23 MP: 2/2
   965 | D:1      | Reached XP level 3. HP: 26/28 MP: 3/3
  1379 | D:2      | Noticed Terence
  1856 | D:2      | Found a sparkling altar of Nemelex Xobeh.
  1856 | D:2      | Noticed an ogre
  2226 | D:3      | Reached XP level 4. HP: 35/35 MP: 4/4
  2317 | D:3      | Reached skill level 6 in Stealth
  2443 | D:3      | Noticed Noname's ghost (amateur MfSk)
  2822 | D:3      | Killed Terence
  2937 | D:3      | Slain by an orc

Vault maps used:
D:1:      minmay_arrival_loop, nrook_mini_vaults
D:2:      grunt_nemelex_the_gamble, uniq_terence
D:3:      first_bread

Skill      XL: |  1  2  3  4 |
---------------+-------------+-----
Fighting       | 2 3 4 |  4.0
Throwing       | 2 |  2.2
Stealth        | 6 |  6.4
Short Blades   | |  2.1
Dodging        | |  1.1

Action                   |  1- 3 |  4- 6 || total
-------------------------+-------+-------++-------
Melee: Dagger            |    93 |    63 ||   156
       Bite              |     6 |     7 ||    13
 Fire: Blowgun           |    40 |     6 ||    46
Throw: Javelin           |       |     2 ||     2
  Use: Potion            |     1 |       ||     1
 Stab: Sleeping          |     7 |     3 ||    10
       Distracted        |       |     1 ||     1
  Eat: Corpse            |     3 |     2 ||     5
Armor: Robe              |    22 |     9 ||    31
Dodge: Dodged            |    65 |    62 ||   127
